 Dungeon Crawl Stone Soup version 0.29.1-15-g9cfb28693d (webtiles) character file.

Game seed: 10174530723409438673

53 Eitelfritz the Slasher (level 3, 0/31 HPs)
             Began as a Minotaur Gladiator on Apr 28, 2023.
             Slain by a gnoll
             ... wielding a +0 flail
              (11 damage)
             ... on level 2 of the Dungeon.
             The game lasted 00:03:24 (1378 turns).

Eitelfritz the Slasher (Minotaur Gladiator)         Turns: 1378, Time: 00:03:25

Health: 0/31       AC:  3    Str: 18    XL:     3   Next: 64%
Magic:  2/2        EV: 12    Int:  7    God:
Gold:   81         SH:  0    Dex: 11    Spells: 2/2 levels left

rFire   . . .      SeeInvis .   a - +0 long sword
rCold   . . .      Faith    .   (no shield)
rNeg    + . .      Spirit   .   m - +0 leather armour
rPois   .          Reflect  .   c - +0 hat
rElec   .          Harm     .   (no cloak)
rCorr   .          Rampage  .   (no gloves)
Will    .....                   (no boots)
Stlth   +.........              (no amulet)
HPRegen 0.10/turn               j - ring of positive energy
MPRegen 0.08/turn               (no ring)

@: no status effects
A: horns 2, retaliatory headbutt
a: no special abilities


You were on level 2 of the Dungeon.
You visited 1 branch of the dungeon, and saw 2 of its levels.

You collected 81 gold pieces.

Inventory:

Hand Weapons
 a - a +0 long sword (weapon)
 b - a +0 sling
Missiles
 d - 3 throwing nets (quivered)
 e - a javelin
Armour
 c - a +0 hat (worn)
 m - a +0 leather armour (worn)
 q - a +0 scale mail
Jewellery
 g - a +6 ring of intelligence
 i - an amulet of magic regeneration
 j - a ring of positive energy (left hand)
 n - a +6 ring of intelligence
Scrolls
 h - 3 scrolls of identify {unknown}
 o - 2 scrolls of immolation {unknown}
Potions
 f - a potion of might {unknown}
 k - a potion of haste {unknown}
 l - 2 potions of attraction {unknown}
 p - a potion of mutation {unknown}


   Skills:
 + Level 3.0 Fighting
 + Level 4.5 Long Blades
 + Level 2.0 Throwing
 + Level 1.2 Armour
 + Level 3.8 Dodging
 + Level 0.1 Stealth


You had 2 spell levels left.
You didn't know any spells.
Your spell library contained the following spells:

 Spells                   Type           Power      Damage    Failure   Level
 Apportation              Tloc           0%         N/A       50%         1
 Necrotise                Necr           0%         1d4       50%         1
 Summon Small Mammal      Summ           0%         N/A       50%         1


Dungeon Overview and Level Annotations

Branches:
Dungeon (2/15)

Altars:


Innate Abilities, Weirdness & Mutations

You have a pair of horns on your head.
You reflexively headbutt those who attack you in melee.


Message History

The kobold is heavily wounded.
A gnoll comes into view. It is wielding a +0 flail.
A frilled lizard comes into view.
The kobold barely misses you. The kobold hits you but does no damage.
You barely miss the kobold.
The kobold is heavily wounded.
The kobold closely misses you. You furiously retaliate!
You headbutt the kobold!
You kill the kobold!
Things that are here:
a +0 whip; 4 stones The adder attacks as you move away!
The adder bites you. The adder bites you but does no damage.
You miss the adder. The adder bites you but does no damage.
You hit the adder.
The adder is lightly wounded.
The adder bites you but does no damage. The adder bites you.
You are poisoned.
The adder poisons you!
You slash the adder!
The adder is almost dead.
You feel sick. The adder closely misses you. You furiously retaliate!
You headbutt the adder.
You kill the adder!
Your Fighting skill increases to level 3!
You feel sick. The gnoll hits you with a +0 flail!
You see here an adder corpse.
You hit the gnoll but do no damage. You headbutt the gnoll.
The gnoll is lightly wounded.
You feel sick.
You are no longer poisoned.
The gnoll completely misses you.
You hit the gnoll but do no damage.
The gnoll is lightly wounded.
The gnoll barely misses you. You furiously retaliate!
You headbutt the gnoll. The frilled lizard barely misses you.
The gnoll hits you with a +0 flail.
You closely miss the gnoll.
The gnoll is lightly wounded.
The gnoll hits you with a +0 flail!
You die...

## ###..##.#..
...#....##.#.####
#...##.##.#....
###..#.##.#..#
#.......<..#
#.#...#....# ##
#..........#..#
##...#.##$....#
#.....l@g##.....
#..$..#### ...#
#...#.# ..
#...... ####.#.
#. . ##


You could see a gnoll and a frilled lizard.

Vanquished Creatures
  An adder (D:2)
  A dart slug (D:1)
  4 ball pythons (D:1)
  6 bats (D:1)
  5 endoplasms (D:1)
  A giant cockroach (D:1)
  3 goblins
  3 hobgoblins
  4 jackals (D:1)
  2 quokkas
  3 frilled lizards (D:1)
  3 kobolds
  A rat (D:1)
37 creatures vanquished.

Vanquished Creatures (others)
  2 plants (D:1)
2 creatures vanquished.

Grand Total: 39 creatures vanquished

Notes
Turn   | Place    | Note
-------+----------+-------------------------------------------
     0 | D:1      | Eitelfritz the Minotaur Gladiator began the quest for the
                  | Orb.
     0 | D:1      | Reached XP level 1. HP: 18/18 MP: 0/0
   223 | D:1      | Reached XP level 2. HP: 18/25 MP: 1/1
   477 | D:1      | Reached skill level 4 in Long Blades
   736 | D:1      | Reached XP level 3. HP: 30/30 MP: 2/2
   880 | D:1      | Found a faded altar of an unknown god.
  1297 | D:2      | Reached skill level 1 in Armour
  1378 | D:2      | Slain by a gnoll

Illustrated notes

Levels and vault maps discovered:
D:1:      shiori_arrival_maze, layout_rooms, serial_forest,
          infiniplex_forest_fountain, infiniplex_forest_lined_ring,
          infiniplex_forest_clump_diagonal, infiniplex_forest_clump_long,
          infiniplex_forest_clump_curved, infiniplex_forest_end_1,
          shapermc_ecumenical_altar_acropolis
D:2:      layout_basic, serial_shops, nicolae_lakefront_shop

Skill      XL: |  1  2  3 |
---------------+----------+-----
Long Blades    | 4 |  4.5
Armour         | 1 |  1.2
Fighting       | 3 |  3.0
Throwing       | |  2.0
Dodging        | |  3.8
Stealth        | |  0.1

Action                   || total
-------------------------++-------
Melee: Long sword        ||    65
       Headbutt          ||     6
       Punch             ||     1
 Stab: Sleeping          ||     1
Armor: Leather armour    ||    33
Dodge: Dodged            ||    71
